Map: [ESL] Ghost River

Players

Clem - Winner!

  • Race: Terran Terran
  • Spawn Location: 11:00

Spirit

  • Race: Terran Terran
  • Spawn Location: 1:00

Event: ESL SC2 Masters 2024 Spring (Regional)

VOD

Have the link to the VOD?

Description

Time

  • Played on: May 5, 2024, 9:23 a.m.
  • Length: 7:54

All games in this series

Show
View Real Time Build Order
Export as new Build Order

Clem Terran - Winner!

Build Orders: Cyclone Opening 

Get SALT Encoding   

  12  0:00  SCV  
  13  0:12  SCV  
  14  0:17  Supply Depot  
  14  0:24  SCV  
  15  0:38  SCV  
  15  0:40  Barracks  
  16  0:43  Refinery  
  16  0:50  SCV  
  16  0:52  Refinery  
  17  1:02  SCV  
  18  1:15  SCV  
  19  1:27  Orbital Command  
  19  1:28  Reaper  
  19  1:32  Supply Depot  
  20  1:40  Factory  
  20  1:52  SCV  
  21  2:00  Reaper  
  22  2:05  SCV  
  23  2:15  Command Center  
  23  2:17  SCV  
  24  2:24  Cyclone  
  26  2:30  SCV  
  26  2:36  Starport  
  27  2:41  Supply Depot  
  27  2:44  SCV  
  27  2:48  Barracks Reactor  
  28  2:56  SCV  
  28  2:57  Cyclone  
  31  3:08  SCV  
  32  3:14  Medivac  
  32  3:17  Refinery  
  34  3:22  SCV  
  34  3:26  Orbital Command  
  35  3:34  SCV  
  36  3:37  Cyclone  
  36  3:38  Cyclone  
  40  3:41  Barracks Tech Lab  
  40  3:45  Supply Depot, Starport Tech Lab  
  40  3:49  SCV  
  40  3:52  SCV  
  42  4:01  SCV  
  43  4:03  Supply Depot  
  43  4:04  SCV  
  43  4:06  Raven  
  46  4:13  SCV  
  46  4:16  SCV  
  46  4:21  Siege Tank  
  46  4:24  Marine x2  
  48  4:25  SCV  
  48  4:28  SCV, Refinery  
  51  4:32  Starport  
  51  4:37  SCV  
  52  4:41  SCV  
  52  4:44  Supply Depot  
  53  4:46  Raven, Marine x2  
  53  4:49  Supply Depot  
  53  4:50  SCV  
  53  4:52  Interference Matrix  
  58  4:53  SCV  
  59  5:00  Supply Depot  
  59  5:02  SCV  
  59  5:05  SCV, Siege Tank  
  64  5:09  Marine x2  
  66  5:14  Viking  
  66  5:16  SCV  
  66  5:18  SCV  
  70  5:25  Raven  
  70  5:27  Marine  
  70  5:28  Supply Depot  
  73  5:29  Marine  
  73  5:34  SCV x2  
  76  5:41  Siege Tank, Supply Depot  
  79  5:46  SCV  
  80  5:53  Command Center  
  80  6:02  Viking  
  80  6:03  Viking  
  80  6:04  Marine, Viking  
  87  6:17  Supply Depot  
  87  6:18  Siege Tank  
  90  6:22  Marine  
  91  6:32  SCV, Viking  
  91  6:33  Viking  
  91  6:34  Viking  
  91  6:38  SCV  
  91  6:45  Marine  
  91  6:46  SCV  
  92  6:47  Supply Depot  
  92  6:51  SCV  
  92  7:00  SCV  
  91  7:02  Viking  
  91  7:03  Marine  
  91  7:06  SCV  
  93  7:10  Refinery, Orbital Command  
  93  7:12  Viking  
  93  7:14  Viking  
  95  7:23  Marine  
  95  7:24  SCV  
  95  7:29  SCV  
  97  7:35  Supply Depot  
  97  7:36  SCV  
  102  7:41  SCV  
Show
View Real Time Build Order
Export as new Build Order

Spirit Terran 

Build Orders: Cyclone Opening 

Get SALT Encoding   

  12  0:00  SCV  
  13  0:12  SCV  
  14  0:17  Supply Depot  
  14  0:24  SCV  
  15  0:38  SCV  
  15  0:39  Barracks  
  16  0:44  Refinery  
  16  0:50  SCV  
  16  0:52  Refinery  
  17  1:02  SCV  
  18  1:14  SCV  
  19  1:26  Reaper  
  19  1:27  Orbital Command  
  19  1:31  Supply Depot  
  20  1:41  Factory  
  20  1:52  SCV  
  21  1:58  Reaper  
  22  2:04  SCV  
  23  2:16  Command Center  
  23  2:19  SCV  
  24  2:26  Cyclone  
  26  2:31  SCV, Barracks Reactor  
  27  2:40  Supply Depot  
  27  2:43  SCV  
  28  2:49  Starport  
  28  2:55  SCV  
  29  3:01  Cyclone  
  31  3:07  SCV  
  31  3:08  Marine  
  31  3:09  Marine  
  34  3:19  SCV  
  35  3:21  Refinery  
  35  3:25  Starport Reactor  
  35  3:28  Orbital Command  
  35  3:31  Marine  
  35  3:32  SCV  
  35  3:33  Marine  
  38  3:36  Factory Tech Lab  
  38  3:44  SCV  
  39  3:52  Marine  
  41  3:56  SCV, Siege Tank  
  41  4:01  Viking  
  47  4:03  Viking  
  47  4:06  SCV  
  47  4:08  SCV, Marine  
  50  4:11  Marine  
  51  4:18  SCV  
  51  4:22  SCV  
  53  4:27  Supply Depot  
  53  4:30  SCV  
  53  4:31  Siege Tank  
  60  4:40  Liberator  
  60  4:43  Marine  
  60  4:44  Marine  
  62  4:49  Liberator  
  62  4:52  SCV  
  67  4:53  Supply Depot  
  67  5:01  Refinery  
  67  5:04  SCV  
  67  5:06  SCV, Supply Depot  
  68  5:14  Marine x2  
  68  5:15  Siege Tank  
  68  5:16  SCV  
  68  5:18  SCV  
  68  5:19  Supply Depot  
  74  5:27  Viking  
  76  5:28  SCV  
  76  5:32  Marine  
  76  5:35  SCV  
  79  5:40  SCV  
  79  5:41  Viking  
  77  5:47  SCV  
  77  5:48  Siege Tank  
  80  5:53  SCV  
  81  5:57  Viking  
  81  6:00  SCV  
  84  6:05  SCV  
  84  6:08  Marine  
  85  6:13  SCV  
  85  6:19  Viking  
  85  6:20  SCV  
  85  6:25  SCV  
  86  6:34  SCV  
  86  6:37  SCV, Siege Tank, Viking  
  83  6:46  SCV  
  83  6:47  Marine x2  
  79  6:49  SCV  
  81  7:09  Siege Tank  
  81  7:11  Command Center  
  81  7:14  Starport  
  79  7:20  Starport  
  79  7:21  Viking  
  72  7:22  Viking  
  74  7:34  SCV x2  
Tags
 
Add a new tag
Caveats
  • Supply blocks, unpowered buildings, or Contaminate may cause inaccurate times.
  • Supply counts are checked every 10 seconds.